AoeStats
← Clueless Clown

MegaRandom

508356717Analyzed
4v4 RM · 10d ago on Sep 22, 2026· 32m 50s· 8 players
Game mode
Random Map
Map size
Large (8 player)
Population
200
Speed
Normal
Resources
Standard
Victory
Conquest
Starting age
Dark Age
Ending age
Imperial Age
RankedLock teamsTeams togetherTeam positionsShared explorationLock speedFull tech treeHidden civsTurbo modeCheats
Victory
Defeat
🇲🇽 Wei · Mexico
1205
+15
🇨🇦 Portuguese · Canada
1163
+17
🇲🇽 Mongols · Mexico
1157
+17
🇺🇸 Jurchens · United States
1133
+18
🇲🇽 Maya · Mexico
1224
-20
🇦🇷 Khmer · Argentina
1206
-18
🇲🇦 Cumans · Morocco
1148
-15
🇨🇱 Koreans · Chile
1119
-14
[BuluC]Not_the_Viper
[GDL] Maldito Pantoja
6:58 Loom
10:05 Feudal Age
12:03 Forging
17:18 Scale Barding Armor
27:01 Castle Age
26:16 Horse Collar
28:07 Husbandry
31:53 Wheelbarrow
PoonSlapper
7:46 Loom
11:19 Feudal Age
12:19 Double-Bit Axe
13:12 Horse Collar
18:10 Castle Age
16:44 Man-at-Arms
16:49 Man-at-Arms
20:51 Forging
20:30 Gambesons
20:12 Long Swordsman
20:37 Gambesons
24:10 Town Watch
26:13 Forging
28:57 Fletching
30:08 Wheelbarrow
Clueless Clown
8:32 Loom
10:48 Feudal Age
14:39 Castle Age
13:14 Double-Bit Axe
14:35 Scale Mail Armor
15:25 Fletching
21:46 Squires
21:32 Arson
22:26 Chain Mail Armor
23:22 Gambesons
24:51 Forging
26:44 Iron Casting
32:15 Wheelbarrow
The Kraken
0:26 Loom
10:07 Feudal Age
11:37 Double-Bit Axe
20:03 Castle Age
19:23 Forging
19:14 Scale Mail Armor
19:05 Horse Collar
19:17 Gold Mining
22:06 Bow Saw
21:58 Heavy Plow
21:21 Eagle Warrior
22:03 Squires
21:49 Arson
22:42 Iron Casting
30:27 Wheelbarrow
No-One-Knows-Me
7:45 Loom
10:35 Feudal Age
10:51 Man-at-Arms
11:35 Double-Bit Axe
15:56 Scale Mail Armor
19:01 Forging
21:42 Gold Mining
21:52 Horse Collar
24:37 Wheelbarrow
28:52 Castle Age
28:29 Scale Barding Armor
31:59 Iron Casting
32:27 Chain Barding Armor
Nichelson3360
5:42 Loom
11:17 Feudal Age
25:39 Castle Age
24:11 Fletching
26:29 Bodkin Arrow
PeloDeElite
7:03 Loom
9:48 Feudal Age
10:31 Double-Bit Axe
Connection lost

Rejoining the realm…

Still unreachable

The connection could not be restored.

Session expired

The server has moved on; the page needs a fresh start.